 Dungeon Crawl Stone Soup version 0.22.1-1-ga44c0e56f4 (webtiles) character file.

262 Morbidden the Chopper (level 5, -1/49 HPs)
             Began as a Deep Dwarf Fighter on Oct 7, 2018.
             Slain by Prince Ribbit (9 damage)
             ... on level 5 of the Dungeon.
             The game lasted 00:14:39 (3105 turns).

Morbidden the Chopper (Deep Dwarf Fighter)          Turns: 3105, Time: 00:14:40

Health: -1/49      AC:  9    Str: 25    XL:     5   Next: 97%
Magic:  5/5        EV: 13    Int:  9    God:
Gold:   33         SH: 10    Dex: 17    Spells: 4/4 levels left

rFire    . . .     SeeInvis .   a - +1 war axe
rCold    . . .     Gourm    .   c - +0 shield
rNeg     . . .     Faith    .   B - +0 scale mail
rPois    .         Spirit   .   x - +0 helmet
rElec    .         Reflect  .   m - scarf {repulsion}
rCorr    .         Harm     .   (no gloves)
MR       .....                  g - +0 pair of boots
Stlth    +.........             (no amulet)
HPRegen  0.00/turn              i - ring of wizardry
MPRegen  0.09/turn              (no ring)

@: mighty, agile, non-regenerating, repel missiles
A: damage resistance, heal wounds, sense surroundings 1, no regeneration
a: Heal Wounds


You were on level 5 of the Dungeon.
You were very hungry.

You visited 1 branch of the dungeon, and saw 5 of its levels.

You collected 153 gold pieces.
You spent 120 gold pieces at shops.

Inventory:

Hand Weapons
 a - a +1 war axe (weapon)
 b - a +0 hunting sling
Missiles
 n - 181 stones (quivered)
 w - 22 sling bullets
Armour
 c - a +0 shield (worn)
 g - a +0 pair of boots (worn)
 m - a scarf of repulsion (worn)
 p - a scarf of cloud immunity
 x - a +0 helmet (worn)
 B - a +0 scale mail (worn)
Jewellery
 i - a ring of wizardry (left hand)
Wands
 k - a wand of paralysis (5)
 r - a wand of acid (7)
Scrolls
 e - 4 scrolls of enchant weapon
 j - 3 scrolls of immolation {unknown}
 l - 2 scrolls of teleportation {unknown}
 q - 3 scrolls of remove curse
 y - 2 scrolls of amnesia {unknown}
 z - 2 scrolls of blinking {unknown}
 A - a scroll of fear
 C - 3 scrolls of identify
Potions
 o - a potion of cancellation
 s - a potion of mutation
 t - a potion of flight
 u - a potion of curing
 v - a potion of resistance
Comestibles
 f - 5 rations


   Skills:
 + Level 3.2 Fighting
 * Level 4.8 Axes
 + Level 2.0 Slings
 + Level 3.7 Armour
 + Level 1.1 Dodging
 + Level 4.3 Shields


You had 4 spell levels left.
You didn't know any spells.
Your spell library was empty.

Dungeon Overview and Level Annotations

Branches:
Dungeon (5/15)
 Temple: D:4-7

Altars:
Dithmenos
Nemelex Xobeh
Okawaru
Xom
The Shining One

Shops:
D:5 ?

Annotations:
D:5 Prince Ribbit


Innate Abilities, Weirdness & Mutations

You are resistant to damage.
You can heal yourself by infusing magical energy.
You passively map a small area around you.
You do not regenerate.


Message History

Press: ? - help, Shift-Dir - straight line, f - Prince Ribbit
Aim: Prince Ribbit You shoot a stone.
The stone hits Prince Ribbit but does no damage.
a - a +1 war axe (weapon)
Prince Ribbit misses you.
Your shield prevents you from hitting Prince Ribbit.
Prince Ribbit misses you.
You closely miss Prince Ribbit. Prince Ribbit barely misses you.
Prince Ribbit misses you.
You closely miss Prince Ribbit. Prince Ribbit closely misses you.
Prince Ribbit croaks regally.
Prince Ribbit closely misses you.
You closely miss Prince Ribbit. You block Prince Ribbit's attack. x2
Your shield and scale mail prevent you from hitting Prince Ribbit.
Prince Ribbit barely misses you. You block Prince Ribbit's attack.
You miss Prince Ribbit. Prince Ribbit hits you!
* * * LOW HITPOINT WARNING * * *
Prince Ribbit hits you!
You die...

* ##### ..#########
###....## *
..........####........ ,
.............'@F..>... ,
............##........
####......♣.........(...
#.......................
+........♣∩♣............
, ,
#.....##..............##
*
......##'#♣#............
,
.....................$..
.............###.....


You could see Prince Ribbit.

Vanquished Creatures
  A scorpion (D:5)
  An orc wizard (D:3)
  A worker ant (D:4)
  6 adders
  A gnoll (D:2)
  A shadow imp (D:5)
  An ooze (D:1)
  2 dart slugs
  2 leopard geckos
  6 orcs
  5 giant cockroaches
  9 goblins
  9 hobgoblins
  10 jackals
  8 kobolds
  3 quokkas
  4 bats
  5 frilled lizards
  6 rats
81 creatures vanquished.

Notes
Turn   | Place    | Note
-------+----------+-------------------------------------------
     0 | D:1      | Morbidden the Deep Dwarf Fighter began the quest for the
                  | Orb.
     0 | D:1      | Reached XP level 1. HP: 20/20 MP: 1/1
    88 | D:1      | Reached XP level 2. HP: 24/27 MP: 2/2
   563 | D:1      | Reached XP level 3. HP: 29/33 MP: 3/3
  1362 | D:2      | Reached XP level 4. HP: 28/40 MP: 4/4
  1398 | D:2      | Found an iron altar of Okawaru.
  1696 | D:3      | Found a sparkling altar of Nemelex Xobeh.
  1728 | D:3      | Reached skill level 1 in Slings
  1758 | D:3      | Reached skill level 1 in Dodging
  1759 | D:3      | Reached XP level 5. HP: 10/49 MP: 5/5
  1774 | D:3      | Found a shadowy altar of Dithmenos.
  2535 | D:4      | Found a glowing golden altar of the Shining One.
  3011 | D:5      | Entered Level 5 of the Dungeon
  3023 | D:5      | Found a shimmering altar of Xom.
  3072 | D:5      | Found Qaugiq's Magic Scroll Emporium.
  3076 | D:5      | Bought a scroll of identify for 30 gold pieces
  3076 | D:5      | Bought a scroll of identify for 30 gold pieces
  3076 | D:5      | Bought a scroll of identify for 30 gold pieces
  3076 | D:5      | Bought a scroll of identify for 30 gold pieces
  3091 | D:5      | Noticed Prince Ribbit
  3105 | D:5      | Slain by Prince Ribbit

Skill      XL: |  1  2  3  4  5 |
---------------+----------------+-----
Shields        | 4 |  4.3
Axes           | 3 4 |  4.8
Fighting       | 3 |  3.2
Slings         | 1 2 |  2.0
Dodging        | 1 |  1.1
Armour         | |  3.7

Action                   |  1- 3 |  4- 6 || total
-------------------------+-------+-------++-------
Melee: War axe           |    99 |   123 ||   222
 Fire: Hunting sling     |    23 |    49 ||    72
  Use: Scroll            |     1 |     7 ||     8
       Potion            |       |     4 ||     4
  Eat: Chunk             |     1 |     5 ||     6
Armor: Scale mail        |    53 |    49 ||   102
Dodge: Dodged            |    31 |    55 ||    86
       Deflected         |       |     1 ||     1
Block: Shield            |    67 |    66 ||   133
